Chicago Black Hawks vs San Jose Sharks
Created - Friday, May 17, 2024 at 07:56
Goals
|
| Chicago Black Hawks |
2 |
1 |
1 |
0 |
4 |
| San Jose Sharks |
0 |
2 |
2 |
1 |
5 |
|
Shots
|
| Chicago Black Hawks |
7 |
15 |
8 |
2 |
32 |
| San Jose Sharks |
12 |
8 |
13 |
1 |
34 |
|
1st period
1. Chicago Black Hawks , Kirby Dach 30 (Patrice Bergeron 49, Barrett Hayton 29) at 10:05
2. Chicago Black Hawks , Bo Horvat 32 (Cale Makar 33) at 10:36
Penalties :
Devon Toews (CHI) for High sticking (Minor) at 6:34
2nd period
3. San Jose Sharks , William Karlsson 21 (Dylan Strome 39, Christopher Tanev 16) at 7:48 (PP)
4. Chicago Black Hawks , Michael Rasmussen 4 (Shane Pinto 5, Travis Sanheim 11) at 9:54
5. San Jose Sharks , Andreas Athanasiou 19 (Adam Henrique 43, Kailer Yamamoto 5) at 13:06
Penalties :
Michael Rasmussen (CHI) for Cross-checking (Minor) at 6:27
3rd period
6. San Jose Sharks , Christopher Tanev 1 (Dylan Strome 40, William Karlsson 33) at 12:53 (PP)
7. San Jose Sharks , Ilya Mikheyev 9 (Ryan Hartman 15) at 15:29
8. Chicago Black Hawks , Kirby Dach 31 (Patrice Bergeron 50) at 19:42
Penalties :
Conor Sheary (CHI) for Hooking (Minor) at 4:43, Brent Burns (CHI) for Interference (Minor) at 7:38, Kevin Fiala (CHI) for Close Hand On Puck (Minor) at 12:47, Ivan Barbashev (SJS) for Roughing (Minor) at 17:27
Overtime #1
9. San Jose Sharks , Christian Dvorak 18 (Valeri Nichushkin 50) at 4:29
Penalties :
No Penalty
Goalie Stats
Jordan Binnington (CHI), 29 saves from 34 shots - (0.853), OTL, 6-4-2, 63:18 minutes
Ilya Samsonov (SJS), 28 saves from 32 shots - (0.875), W, 28-19-7, 64:29 minutes
Players Stats for Chicago Black Hawks
Player Name G A P +/- PIM S H SB GA TA FO MP PP MP PK MP
------------------------------------------------------------------------------------
Barrett Hayton 0 1 1 1 0 1 0 1 0 0 0/4 20:00 0:59 3:52
Bo Horvat 1 0 1 1 0 3 1 0 0 0 9/17 16:02 1:00 0:00
Brent Burns 0 0 0 0 2 0 0 2 0 0 0/0 25:36 1:00 2:36
Cale Makar 0 1 1 0 0 2 1 3 1 0 0/0 24:14 0:59 0:24
Conor Sheary 0 0 0 -1 2 1 0 1 1 0 0/1 12:40 0:00 0:00
Devon Toews 0 0 0 1 2 1 1 1 0 0 0/0 22:30 0:59 2:29
Frederick Gaudreau 0 0 0 -1 0 1 0 0 0 0 1/2 6:43 0:00 3:26
Jaden Schwartz 0 0 0 -1 0 0 1 0 1 0 0/0 13:48 0:00 0:50
Kevin Fiala 0 0 0 1 2 4 1 0 0 0 0/0 18:12 1:00 0:00
Kirby Dach 2 0 2 1 0 4 2 0 2 0 0/1 15:50 0:59 0:00
Marcus Pettersson 0 0 0 1 0 1 0 1 0 1 0/0 17:31 0:00 1:55
Michael Rasmussen 1 0 1 1 2 3 2 0 0 0 0/0 10:39 0:00 3:08
Nicholas Paul 0 0 0 0 0 2 2 1 0 0 9/15 19:50 0:00 0:06
Patrice Bergeron 0 2 2 1 0 3 1 0 0 0 12/18 19:30 0:59 3:26
Seth Jones 0 0 0 0 0 0 0 0 0 2 0/0 18:56 1:00 3:44
Shane Pinto 0 1 1 1 0 1 0 0 0 0 1/4 9:17 0:00 0:00
Travis Sanheim 0 1 1 0 0 0 1 1 0 0 0/0 20:49 0:00 3:40
Vincent Trocheck 0 0 0 0 0 5 2 0 1 1 3/4 18:20 1:00 0:00
Players Stats for San Jose Sharks
Player Name G A P +/- PIM S H SB GA TA FO MP PP MP PK MP
------------------------------------------------------------------------------------
Adam Henrique 0 1 1 0 0 2 2 0 2 0 12/22 19:14 3:08 0:42
Andreas Athanasiou 1 0 1 1 0 2 2 0 0 0 0/0 12:41 0:00 0:00
Christian Dvorak 1 0 1 -1 0 1 0 1 1 0 6/15 13:49 0:00 0:00
Christopher Tanev 1 1 2 2 0 2 0 2 0 0 0/0 26:08 3:59 1:06
Derek Forbort 0 0 0 -1 0 1 2 0 0 1 0/0 22:59 3:25 0:00
Dmitry Orlov 0 0 0 1 0 1 3 4 0 2 0/0 24:28 2:52 0:53
Dylan Strome 0 2 2 -1 0 2 0 0 0 0 1/2 17:35 4:06 0:00
Ilya Mikheyev 1 0 1 1 0 1 0 0 0 0 0/1 9:23 0:00 0:00
Ivan Barbashev 0 0 0 -1 2 1 4 0 0 0 0/1 17:35 4:06 0:00
Joel Edmundson 0 0 0 -1 0 1 3 1 0 1 0/0 21:33 3:59 0:00
Kailer Yamamoto 0 1 1 1 0 1 1 0 0 0 0/0 13:25 0:14 0:00
Rickard Rakell 0 0 0 -2 0 4 4 1 1 0 0/1 21:19 3:14 1:17
Ryan Hartman 0 1 1 1 0 4 1 1 0 0 3/4 9:23 0:00 0:00
Simon Benoit 0 0 0 -1 0 0 3 2 0 1 0/0 18:28 0:33 1:06
Valeri Nichushkin 0 1 1 -2 0 4 0 1 0 0 1/5 21:33 3:18 1:17
Victor Olofsson 0 0 0 1 0 3 2 0 0 0 0/0 9:23 0:00 0:00
William Karlsson 1 1 2 -2 0 3 1 2 0 0 8/15 21:38 4:06 0:42
Zachary Werenski 0 0 0 -2 0 1 0 0 0 1 0/0 15:22 0:00 0:53
3 Stars
1 - Kirby Dach (CHI)
2 - Christopher Tanev (SJS)
3 - Andreas Athanasiou (SJS)
Power Play
Chicago Black Hawks - 0 on 1 Attempt(s) - 0.00%
San Jose Sharks - 2 on 5 Attempt(s) - 40.00%
Penalty Kill
Chicago Black Hawks - 3 on 5 Attempt(s) - 60.00%
- Score 0 goal in Penalty Kill
San Jose Sharks - 1 on 1 Attempt(s) - 100.00%
- Score 0 goal in Penalty Kill
Team Stat
Chicago Black Hawks - Hits : 15 - Faceoff Wins : 35 - Blocked Shots : 11 - Penalty Minutes : 10
San Jose Sharks - Hits : 28 - Faceoff Wins : 31 - Blocked Shots : 15 - Penalty Minutes : 2
Official
Referees : Eric Furlatt and Jean Hebert
Linesman : Matt MacPherson and Brian Murphy
Game Notes
No Game Note
Finance
Level 1 -- Attendance: 4877 (81.28%) -- Ticket Income $473,069
Level 2 -- Attendance: 4215 (84.30%) -- Ticket Income $240,255
Level 3 -- Attendance: 3000 (100.00%) -- Ticket Income $99,000
Level 4 -- Attendance: 4997 (99.94%) -- Ticket Income $109,934
Luxury Box -- Attendance: 952 (95.20%) -- Ticket Income $183,736
Game was played at the SAP Center at San Jose.
Total Attendance: 18041 (90.21%)
Total Ticket Income: $1,105,994
Other Income: $387,098
Total Income: $1,493,092
Chicago Black Hawks
5 vs 5 Forward
Center Left Wing Right Wing Time % Phy DF OF
1 Bo Horvat Kevin Fiala Vincent Trocheck 30 1 2 2
2 Patrice Bergeron Barrett Hayton Kirby Dach 30 1 2 2
3 Nicholas Paul Jaden Schwartz Conor Sheary 25 1 2 2
4 Shane Pinto Michael Rasmussen Nicholas Paul 15 1 2 2
5 vs 5 Defense
Defense Defense Time % Phy DF OF
1 Cale Makar Seth Jones 30 0 3 2
2 Brent Burns Devon Toews 30 1 3 1
3 Travis Sanheim Marcus Pettersson 25 0 4 1
4 Cale Makar Brent Burns 15 0 3 2
PowerPlay Forward
Center Left Wing Right Wing Time % Phy DF OF
1 Bo Horvat Kevin Fiala Vincent Trocheck 50 0 0 5
2 Patrice Bergeron Barrett Hayton Kirby Dach 50 0 0 5
PowerPlay Defense
Defense Defense Time % Phy DF OF
1 Brent Burns Seth Jones 50 0 1 4
2 Cale Makar Devon Toews 50 0 1 4
Penalty Kill 4 Players Forward
Center Wing Time % Phy DF OF
1 Patrice Bergeron Frederick Gaudreau 50 0 5 0
2 Barrett Hayton Michael Rasmussen 50 0 5 0
Penalty Kill 4 Players Defense
Defense Defense Time % Phy DF OF
1 Devon Toews Travis Sanheim 50 0 5 0
2 Brent Burns Seth Jones 50 0 5 0
Penalty Kill - 3 Players Forward
Forward Time % Phy DF OF
1 Bo Horvat 50 0 5 0
2 Frederick Gaudreau 50 0 5 0
Penalty Kill - 3 Players Defense
Defense Defense Time % Phy DF OF
1 Marcus Pettersson Seth Jones 50 0 5 0
2 Travis Sanheim Devon Toews 50 0 5 0
4 vs 4 Forward
Center Wing Time % Phy DF OF
1 Vincent Trocheck Frederick Gaudreau 50 1 2 2
2 Shane Pinto Kevin Fiala 50 1 2 2
4 vs 4 Defense
Defense Defense Time % Phy DF OF
1 Devon Toews Travis Sanheim 50 1 3 1
2 Marcus Pettersson Cale Makar 50 0 4 1
Last Minutes Offensive
Center Left Wing Right Wing Defense Defense
Bo Horvat Kevin Fiala Vincent Trocheck Cale Makar Seth Jones
Last Minutes Defensive
Center Left Wing Right Wing Defense Defense
Bo Horvat Kevin Fiala Vincent Trocheck Cale Makar Seth Jones
Goaltenders
Starting : Jordan Binnington
Backup : Thatcher Demko
Extra Forwards
Normal : Frederick Gaudreau, Nicholas Paul, Jaden Schwartz - PP : Frederick Gaudreau, Nicholas Paul - PK : Jaden Schwartz
Extra Defensemen
Normal : Travis Sanheim, Marcus Pettersson, Brent Burns - PP : Travis Sanheim - PK : Marcus Pettersson, Brent Burns
Penalty Shots
Bo Horvat, Patrice Bergeron, Vincent Trocheck, Kevin Fiala, Barrett Hayton
San Jose Sharks
5 vs 5 Forward
Center Left Wing Right Wing Time % Phy DF OF
1 William Karlsson Valeri Nichushkin Rickard Rakell 30 1 2 2
2 Christian Dvorak Dylan Strome Ivan Barbashev 30 1 2 2
3 Adam Henrique Andreas Athanasiou Kailer Yamamoto 25 1 2 2
4 Ryan Hartman Victor Olofsson Ilya Mikheyev 15 1 2 2
5 vs 5 Defense
Defense Defense Time % Phy DF OF
1 Dmitry Orlov Christopher Tanev 35 1 2 2
2 Derek Forbort Joel Edmundson 35 1 2 2
3 Zachary Werenski Simon Benoit 30 1 2 2
4 Dmitry Orlov Christopher Tanev 0 1 2 2
PowerPlay Forward
Center Left Wing Right Wing Time % Phy DF OF
1 Adam Henrique Valeri Nichushkin Rickard Rakell 50 1 2 2
2 William Karlsson Dylan Strome Ivan Barbashev 50 1 2 2
PowerPlay Defense
Defense Defense Time % Phy DF OF
1 Dmitry Orlov Derek Forbort 50 1 2 2
2 Christopher Tanev Joel Edmundson 50 1 2 2
Penalty Kill 4 Players Forward
Center Wing Time % Phy DF OF
1 Valeri Nichushkin Rickard Rakell 50 1 2 2
2 Adam Henrique William Karlsson 50 1 2 2
Penalty Kill 4 Players Defense
Defense Defense Time % Phy DF OF
1 Christopher Tanev Simon Benoit 50 1 2 2
2 Dmitry Orlov Zachary Werenski 50 1 2 2
Penalty Kill - 3 Players Forward
Forward Time % Phy DF OF
1 Valeri Nichushkin 50 1 2 2
2 Rickard Rakell 50 1 2 2
Penalty Kill - 3 Players Defense
Defense Defense Time % Phy DF OF
1 Christopher Tanev Dmitry Orlov 50 1 2 2
2 Derek Forbort Simon Benoit 50 1 2 2
4 vs 4 Forward
Center Wing Time % Phy DF OF
1 Valeri Nichushkin Rickard Rakell 50 1 2 2
2 Adam Henrique William Karlsson 50 1 2 2
4 vs 4 Defense
Defense Defense Time % Phy DF OF
1 Dmitry Orlov Derek Forbort 50 1 2 2
2 Simon Benoit Christopher Tanev 50 1 2 2
Last Minutes Offensive
Center Left Wing Right Wing Defense Defense
Adam Henrique Valeri Nichushkin Rickard Rakell Dmitry Orlov Christopher Tanev
Last Minutes Defensive
Center Left Wing Right Wing Defense Defense
Adam Henrique Valeri Nichushkin Rickard Rakell Dmitry Orlov Christopher Tanev
Goaltenders
Starting : Ilya Samsonov
Backup : Logan Thompson
Extra Forwards
Normal : Kailer Yamamoto, Christian Dvorak, Ryan Hartman - PP : Kailer Yamamoto, Christian Dvorak - PK : Ryan Hartman
Extra Defensemen
Normal : Simon Benoit, Dmitry Orlov, Derek Forbort - PP : Simon Benoit - PK : Christopher Tanev, Derek Forbort
Penalty Shots
Valeri Nichushkin, Rickard Rakell, Adam Henrique, William Karlsson, Dylan Strome
% Time on Ice - Chicago Black Hawks
Lines # - Real PCT - Wanted PCT - Time Play
Normal Forward
1 - 30% - 30% - 15:16
2 - 31% - 30% - 15:34
3 - 25% - 25% - 12:41
4 - 14% - 15% - 7:06
Normal Defense
1 - 31% - 30% - 15:36
2 - 30% - 30% - 15:04
3 - 26% - 25% - 13:10
4 - 13% - 15% - 6:47
PP Forward
1 - 50% - 50% - 1:00
2 - 50% - 50% - 0:59
PP Defense
1 - 50% - 50% - 1:00
2 - 50% - 50% - 0:59
PK Forward
1 - 48% - 50% - 3:32
2 - 52% - 50% - 3:52
PK Defense
1 - 50% - 50% - 3:40
2 - 50% - 50% - 3:44
PK3 Forward
1 - 0% - 50%
2 - 0% - 50%
PK3 Defense
1 - 0% - 50%
2 - 0% - 50%
44 Forward
1 - 51% - 50% - 2:18
2 - 49% - 50% - 2:11
44 Defense
1 - 52% - 50% - 2:21
2 - 48% - 50% - 2:08
Last Minute Offensive - 0:00
Last Minute Defensive - 0:00
Total
Forward - 64:29
Defense - 64:29
|
% Time on Ice - San Jose Sharks
Lines # - Real PCT - Wanted PCT - Time Play
Normal Forward
1 - 29% - 30% - 14:49
2 - 27% - 30% - 13:29
3 - 25% - 25% - 12:41
4 - 19% - 15% - 9:23
Normal Defense
1 - 35% - 35% - 17:27
2 - 35% - 35% - 17:34
3 - 29% - 30% - 14:29
4 - 2% - 0% - 0:52
PP Forward
1 - 45% - 50% - 3:18
2 - 55% - 50% - 4:06
PP Defense
1 - 46% - 50% - 3:25
2 - 54% - 50% - 3:59
PK Forward
1 - 65% - 50% - 1:17
2 - 35% - 50% - 0:42
PK Defense
1 - 55% - 50% - 1:06
2 - 45% - 50% - 0:53
PK3 Forward
1 - 0% - 50%
2 - 0% - 50%
PK3 Defense
1 - 0% - 50%
2 - 0% - 50%
44 Forward
1 - 50% - 50% - 2:14
2 - 50% - 50% - 2:15
44 Defense
1 - 48% - 50% - 2:10
2 - 52% - 50% - 2:19
Last Minute Offensive - 0:00
Last Minute Defensive - 0:15
Total
Forward - 64:29
Defense - 64:29
|
Play-by-Play
1st period
0:01 of 1st period - Bo Horvat wins face-off versus William Karlsson in neutral zone.
0:14 of 1st period - Wrist shot by Bo Horvat.
0:14 of 1st period - Shot Misses the Net.
0:48 of 1st period - Kailer Yamamoto is hit by Jaden Schwartz and loses puck.
0:57 of 1st period - Devon Toews is hit by Adam Henrique and loses puck.
1:18 of 1st period - Slapshot by Ryan Hartman.
1:18 of 1st period - Shot Misses the Net.
1:32 of 1st period - Snap shot by Shane Pinto.
1:32 of 1st period - Shot Misses the Net.
1:58 of 1st period - Travis Sanheim is hit by Joel Edmundson and loses puck.
2:25 of 1st period - Wrist shot by Kevin Fiala.
2:25 of 1st period - Stopped by Ilya Samsonov with a rebound.
2:27 of 1st period - Wrist shot by Cale Makar.
2:27 of 1st period - Deflect By Vincent Trocheck.
2:27 of 1st period - Stopped by Ilya Samsonov without a rebound.
2:28 of 1st period - Ryan Hartman wins face-off versus Bo Horvat in San Jose Sharks zone.
2:28 of 1st period - Ryan Hartman is hit by Vincent Trocheck.
2:34 of 1st period - Snap shot by Bo Horvat.
2:34 of 1st period - Shot Misses the Net.
3:02 of 1st period - Slapshot by Kirby Dach.
3:02 of 1st period - Shot Misses the Net.
3:18 of 1st period - Christopher Tanev is hit by Michael Rasmussen and loses puck.
3:39 of 1st period - Snap shot by Adam Henrique.
3:39 of 1st period - Shot Misses the Net.
3:41 of 1st period - Wrist shot by Adam Henrique.
3:41 of 1st period - Shot Misses the Net.
3:57 of 1st period - Nicholas Paul is hit by Joel Edmundson and loses puck.
4:33 of 1st period - Michael Rasmussen is hit by Rickard Rakell and loses puck.
4:38 of 1st period - Snap shot by Valeri Nichushkin.
4:38 of 1st period - Shot Blocked by Cale Makar.
4:40 of 1st period - Snap shot by Valeri Nichushkin.
4:40 of 1st period - Shot Blocked by Brent Burns.
4:58 of 1st period - Wrist shot by Bo Horvat.
4:58 of 1st period - Deflect By Vincent Trocheck.
4:58 of 1st period - Deflect By Adam Henrique.
4:58 of 1st period - Stopped by Ilya Samsonov with a rebound.
5:06 of 1st period - Snap shot by Adam Henrique.
5:06 of 1st period - Shot Misses the Net.
5:50 of 1st period - Wrist shot by Vincent Trocheck.
5:50 of 1st period - Stopped by Ilya Samsonov without a rebound.
5:51 of 1st period - Bo Horvat wins face-off versus Valeri Nichushkin in San Jose Sharks zone.
6:00 of 1st period - Snap shot by Kevin Fiala.
6:00 of 1st period - Shot Blocked by William Karlsson.
6:05 of 1st period - Off-side.
6:06 of 1st period - Nicholas Paul wins face-off versus Adam Henrique in neutral zone.
6:15 of 1st period - Wrist shot by Nicholas Paul.
6:15 of 1st period - Shot Blocked by Dmitry Orlov.
6:21 of 1st period - Snap shot by Nicholas Paul.
6:21 of 1st period - Shot Hit the Post.
6:34 of 1st period - Minor Penalty to Devon Toews for High sticking.
6:35 of 1st period - Patrice Bergeron wins face-off versus Adam Henrique in Chicago Black Hawks zone.
7:28 of 1st period - Barrett Hayton is hit by Rickard Rakell and loses puck.
8:34 of 1st period - Penalty to Devon Toews is over, Devon Toews is back on ice.
8:45 of 1st period - Snap shot by Victor Olofsson.
8:45 of 1st period - Shot Misses the Net.
8:47 of 1st period - Snap shot by Ryan Hartman.
8:47 of 1st period - Stopped by Jordan Binnington without a rebound.
8:48 of 1st period - Ryan Hartman wins face-off versus Conor Sheary in Chicago Black Hawks zone.
8:51 of 1st period - Wrist shot by Victor Olofsson.
8:51 of 1st period - Stopped by Jordan Binnington without a rebound.
8:52 of 1st period - Ryan Hartman wins face-off versus Nicholas Paul in Chicago Black Hawks zone.
8:55 of 1st period - Slapshot by Victor Olofsson.
8:55 of 1st period - Shot Misses the Net.
8:57 of 1st period - Snap shot by Simon Benoit.
8:57 of 1st period - Shot Blocked by Cale Makar.
8:59 of 1st period - Snap shot by Simon Benoit.
8:59 of 1st period - Shot Misses the Net.
9:01 of 1st period - Backhand shot by Ryan Hartman.
9:01 of 1st period - Shot Misses the Net.
9:03 of 1st period - Wrist shot by Victor Olofsson.
9:03 of 1st period - Stopped by Jordan Binnington without a rebound.
9:04 of 1st period - Nicholas Paul wins face-off versus William Karlsson in Chicago Black Hawks zone.
9:35 of 1st period - Off-side.
9:36 of 1st period - Patrice Bergeron wins face-off versus Adam Henrique in neutral zone.
9:55 of 1st period - Icing by Cale Makar.
9:56 of 1st period - Patrice Bergeron wins face-off versus Christian Dvorak in Chicago Black Hawks zone.
10:05 of 1st period - Wrist shot by Kirby Dach.
10:05 of 1st period - Goal by Kirby Dach - Chicago Black Hawks : 1 - San Jose Sharks : 0.
10:06 of 1st period - Patrice Bergeron wins face-off versus Christian Dvorak in neutral zone.
10:31 of 1st period - Joel Edmundson is hit by Vincent Trocheck and loses puck.
10:36 of 1st period - Wrist shot by Bo Horvat.
10:36 of 1st period - Goal by Bo Horvat - Chicago Black Hawks : 2 - San Jose Sharks : 0.
10:37 of 1st period - William Karlsson wins face-off versus Shane Pinto in neutral zone.
10:42 of 1st period - Slapshot by Rickard Rakell.
10:42 of 1st period - Shot Blocked by Brent Burns.
10:44 of 1st period - Snap shot by William Karlsson.
10:44 of 1st period - Shot Misses the Net.
11:12 of 1st period - Slapshot by William Karlsson.
11:12 of 1st period - Shot Misses the Net.
11:14 of 1st period - Wrist shot by Valeri Nichushkin.
11:14 of 1st period - Stopped by Jordan Binnington with a rebound.
11:16 of 1st period - Slapshot by Dmitry Orlov.
11:16 of 1st period - Stopped by Jordan Binnington with a rebound.
11:20 of 1st period - Snap shot by Rickard Rakell.
11:20 of 1st period - Stopped by Jordan Binnington without a rebound.
11:21 of 1st period - Christian Dvorak wins face-off versus Bo Horvat in Chicago Black Hawks zone.
11:36 of 1st period - Vincent Trocheck is hit by Ivan Barbashev and loses puck.
11:47 of 1st period - Devon Toews is hit by Kailer Yamamoto and loses puck.
11:56 of 1st period - Snap shot by Kailer Yamamoto.
11:56 of 1st period - Stopped by Jordan Binnington with a rebound.
12:32 of 1st period - Off-side.
12:33 of 1st period - William Karlsson wins face-off versus Shane Pinto in neutral zone.
12:36 of 1st period - Slapshot by Valeri Nichushkin.
12:36 of 1st period - Shot Blocked by Travis Sanheim.
12:38 of 1st period - Wrist shot by William Karlsson.
12:38 of 1st period - Deflect By Michael Rasmussen.
12:38 of 1st period - Stopped by Jordan Binnington with a rebound.
12:40 of 1st period - Snap shot by Rickard Rakell.
12:40 of 1st period - Stopped by Jordan Binnington without a rebound.
12:41 of 1st period - William Karlsson wins face-off versus Bo Horvat in Chicago Black Hawks zone.
12:42 of 1st period - Snap shot by Valeri Nichushkin.
12:42 of 1st period - Deflect By William Karlsson.
12:42 of 1st period - Shot Misses the Net.
12:42 of 1st period - Puck is out of play.
12:43 of 1st period - Bo Horvat wins face-off versus William Karlsson in Chicago Black Hawks zone.
12:58 of 1st period - Snap shot by Valeri Nichushkin.
12:58 of 1st period - Stopped by Jordan Binnington with a rebound.
13:40 of 1st period - Wrist shot by Kirby Dach.
13:40 of 1st period - Shot Misses the Net.
13:50 of 1st period - Nicholas Paul is hit by Simon Benoit and loses puck.
14:15 of 1st period - Bo Horvat is hit by Ivan Barbashev.
14:21 of 1st period - Brent Burns is hit by Derek Forbort and loses puck.
14:38 of 1st period - Patrice Bergeron is hit by Rickard Rakell and loses puck.
15:04 of 1st period - Nicholas Paul is hit by Dmitry Orlov and loses puck.
15:23 of 1st period - Derek Forbort is hit by Travis Sanheim and loses puck.
16:11 of 1st period - Snap shot by Andreas Athanasiou.
16:11 of 1st period - Stopped by Jordan Binnington without a rebound.
16:12 of 1st period - Adam Henrique wins face-off versus Bo Horvat in Chicago Black Hawks zone.
17:00 of 1st period - Rickard Rakell is hit by Nicholas Paul and loses puck.
17:24 of 1st period - Vincent Trocheck is hit by Rickard Rakell and loses puck.
18:19 of 1st period - Snap shot by Ilya Mikheyev.
18:19 of 1st period - Shot Blocked by Cale Makar.
18:21 of 1st period - Slapshot by Zachary Werenski.
18:21 of 1st period - Stopped by Jordan Binnington with a rebound.
18:45 of 1st period - Wrist shot by Nicholas Paul.
18:45 of 1st period - Shot Misses the Net.
18:47 of 1st period - Slapshot by Cale Makar.
18:47 of 1st period - Stopped by Ilya Samsonov with a rebound.
19:35 of 1st period - Brent Burns is hit by Victor Olofsson and loses puck.
19:44 of 1st period - Snap shot by Ilya Mikheyev.
19:44 of 1st period - Shot Misses the Net.
19:56 of 1st period - Snap shot by Ilya Mikheyev.
19:56 of 1st period - Shot Misses the Net.
Goals for this period are 2 for Chicago Black Hawks vs 0 for San Jose Sharks.
Shots for this period are 7 for Chicago Black Hawks vs 12 for San Jose Sharks.
2nd period
0:01 of 2nd period - Christian Dvorak wins face-off versus Nicholas Paul in neutral zone.
0:06 of 2nd period - Brent Burns is hit by Ivan Barbashev.
0:54 of 2nd period - Wrist shot by Kirby Dach.
0:54 of 2nd period - Shot Misses the Net.
0:56 of 2nd period - Snap shot by Barrett Hayton.
0:56 of 2nd period - Stopped by Ilya Samsonov with a rebound.
1:00 of 2nd period - Snap shot by Patrice Bergeron.
1:00 of 2nd period - Shot Blocked by Joel Edmundson.
1:14 of 2nd period - Backhand shot by Shane Pinto.
1:14 of 2nd period - Stopped by Ilya Samsonov without a rebound.
1:15 of 2nd period - Bo Horvat wins face-off versus Ryan Hartman in San Jose Sharks zone.
1:24 of 2nd period - Slapshot by Bo Horvat.
1:24 of 2nd period - Shot Misses the Net.
1:32 of 2nd period - Slapshot by Victor Olofsson.
1:32 of 2nd period - Stopped by Jordan Binnington without a rebound.
1:33 of 2nd period - Nicholas Paul wins face-off versus Christian Dvorak in Chicago Black Hawks zone.
1:33 of 2nd period - Nicholas Paul is hit by Ivan Barbashev.
1:47 of 2nd period - Wrist shot by Nicholas Paul.
1:47 of 2nd period - Stopped by Ilya Samsonov without a rebound.
1:48 of 2nd period - Patrice Bergeron wins face-off versus William Karlsson in San Jose Sharks zone.
2:35 of 2nd period - Snap shot by Ryan Hartman.
2:35 of 2nd period - Stopped by Jordan Binnington with a rebound.
2:37 of 2nd period - Slapshot by Christopher Tanev.
2:37 of 2nd period - Stopped by Jordan Binnington without a rebound.
2:38 of 2nd period - Bo Horvat wins face-off versus Ilya Mikheyev in Chicago Black Hawks zone.
3:07 of 2nd period - Off-side.
3:08 of 2nd period - Nicholas Paul wins face-off versus Dylan Strome in neutral zone.
3:13 of 2nd period - Slapshot by Cale Makar.
3:13 of 2nd period - Shot Misses the Net.
3:35 of 2nd period - Rickard Rakell is hit by Patrice Bergeron and loses puck.
4:06 of 2nd period - Slapshot by Kailer Yamamoto.
4:06 of 2nd period - Shot Misses the Net.
4:58 of 2nd period - Bo Horvat is hit by Andreas Athanasiou and loses puck.
5:04 of 2nd period - Off-side.
5:05 of 2nd period - Christian Dvorak wins face-off versus Patrice Bergeron in neutral zone.
5:13 of 2nd period - Wrist shot by Patrice Bergeron.
5:13 of 2nd period - Deflect By Kirby Dach.
5:13 of 2nd period - Stopped by Ilya Samsonov without a rebound.
5:14 of 2nd period - Patrice Bergeron wins face-off versus Christian Dvorak in San Jose Sharks zone.
5:41 of 2nd period - Slapshot by Kirby Dach.
5:41 of 2nd period - Shot Misses the Net.
5:43 of 2nd period - Snap shot by Marcus Pettersson.
5:43 of 2nd period - Stopped by Ilya Samsonov without a rebound.
5:44 of 2nd period - William Karlsson wins face-off versus Bo Horvat in San Jose Sharks zone.
6:27 of 2nd period - Minor Penalty to Michael Rasmussen for Cross-checking.
6:28 of 2nd period - William Karlsson wins face-off versus Patrice Bergeron in Chicago Black Hawks zone.
7:46 of 2nd period - Wrist shot by Dylan Strome.
7:46 of 2nd period - Stopped by Jordan Binnington with a rebound.
7:48 of 2nd period - Snap shot by William Karlsson.
7:48 of 2nd period - Goal by William Karlsson - Chicago Black Hawks : 2 - San Jose Sharks : 1.
7:49 of 2nd period - Adam Henrique wins face-off versus Bo Horvat in neutral zone.
8:16 of 2nd period - Marcus Pettersson is hit by Ryan Hartman and loses puck.
8:43 of 2nd period - William Karlsson is hit by Kirby Dach and loses puck.
8:48 of 2nd period - Wrist shot by Kirby Dach.
8:48 of 2nd period - Shot Blocked by Valeri Nichushkin.
8:50 of 2nd period - Slapshot by Devon Toews.
8:50 of 2nd period - Shot Hit the Post.
9:10 of 2nd period - Wrist shot by William Karlsson.
9:10 of 2nd period - Shot Misses the Net.
9:20 of 2nd period - Simon Benoit is hit by Nicholas Paul.
9:34 of 2nd period - Wrist shot by Rickard Rakell.
9:34 of 2nd period - Shot Blocked by Marcus Pettersson.
9:44 of 2nd period - Slapshot by Shane Pinto.
9:44 of 2nd period - Shot Misses the Net.
9:46 of 2nd period - Wrist shot by Shane Pinto.
9:46 of 2nd period - Shot Blocked by Simon Benoit.
9:48 of 2nd period - Slapshot by Travis Sanheim.
9:48 of 2nd period - Shot Misses the Net.
9:50 of 2nd period - Snap shot by Michael Rasmussen.
9:50 of 2nd period - Stopped by Ilya Samsonov with a rebound.
9:52 of 2nd period - Wrist shot by Michael Rasmussen.
9:52 of 2nd period - Stopped by Ilya Samsonov with a rebound.
9:54 of 2nd period - Snap shot by Shane Pinto.
9:54 of 2nd period - Deflect By Michael Rasmussen.
9:54 of 2nd period - Goal by Michael Rasmussen - Chicago Black Hawks : 3 - San Jose Sharks : 1.
9:55 of 2nd period - Bo Horvat wins face-off versus Christian Dvorak in neutral zone.
10:22 of 2nd period - Adam Henrique is hit by Kirby Dach and loses puck.
10:43 of 2nd period - Snap shot by Ilya Mikheyev.
10:43 of 2nd period - Shot Misses the Net.
10:45 of 2nd period - Wrist shot by Ryan Hartman.
10:45 of 2nd period - Stopped by Jordan Binnington with a rebound.
10:47 of 2nd period - Slapshot by Joel Edmundson.
10:47 of 2nd period - Shot Blocked by Conor Sheary.
10:49 of 2nd period - Slapshot by Joel Edmundson.
10:49 of 2nd period - Shot Misses the Net.
10:51 of 2nd period - Wrist shot by Ryan Hartman.
10:51 of 2nd period - Shot Blocked by Nicholas Paul.
11:11 of 2nd period - Wrist shot by Bo Horvat.
11:11 of 2nd period - Shot Blocked by Christopher Tanev.
11:13 of 2nd period - Wrist shot by Vincent Trocheck.
11:13 of 2nd period - Shot Misses the Net.
11:25 of 2nd period - Wrist shot by Andreas Athanasiou.
11:25 of 2nd period - Shot Blocked by Barrett Hayton.
11:41 of 2nd period - Ilya Mikheyev is hit by Michael Rasmussen and loses puck.
11:48 of 2nd period - Wrist shot by Shane Pinto.
11:48 of 2nd period - Shot Misses the Net.
11:50 of 2nd period - Slapshot by Seth Jones.
11:50 of 2nd period - Shot Blocked by Ryan Hartman.
11:52 of 2nd period - Slapshot by Cale Makar.
11:52 of 2nd period - Stopped by Ilya Samsonov with a rebound.
12:08 of 2nd period - Slapshot by Kevin Fiala.
12:08 of 2nd period - Stopped by Ilya Samsonov with a rebound.
12:23 of 2nd period - Snap shot by Ivan Barbashev.
12:23 of 2nd period - Stopped by Jordan Binnington without a rebound.
12:24 of 2nd period - Adam Henrique wins face-off versus Patrice Bergeron in Chicago Black Hawks zone.
12:36 of 2nd period - Icing by Christopher Tanev.
12:37 of 2nd period - Bo Horvat wins face-off versus Adam Henrique in San Jose Sharks zone.
12:42 of 2nd period - Snap shot by Bo Horvat.
12:42 of 2nd period - Shot Misses the Net.
13:06 of 2nd period - Wrist shot by Andreas Athanasiou.
13:06 of 2nd period - Goal by Andreas Athanasiou - Chicago Black Hawks : 3 - San Jose Sharks : 2.
13:07 of 2nd period - Nicholas Paul wins face-off versus Christian Dvorak in neutral zone.
13:09 of 2nd period - Off-side.
13:10 of 2nd period - Dylan Strome wins face-off versus Nicholas Paul in neutral zone.
14:05 of 2nd period - Snap shot by Kirby Dach.
14:05 of 2nd period - Shot Misses the Net.
14:07 of 2nd period - Snap shot by Barrett Hayton.
14:07 of 2nd period - Shot Blocked by Dmitry Orlov.
14:25 of 2nd period - Wrist shot by Kevin Fiala.
14:25 of 2nd period - Stopped by Ilya Samsonov without a rebound.
14:26 of 2nd period - Patrice Bergeron wins face-off versus Christian Dvorak in San Jose Sharks zone.
14:51 of 2nd period - Vincent Trocheck is hit by Simon Benoit and loses puck.
15:14 of 2nd period - Snap shot by Nicholas Paul.
15:14 of 2nd period - Stopped by Ilya Samsonov with a rebound.
15:28 of 2nd period - Conor Sheary is hit by Derek Forbort and loses puck.
16:27 of 2nd period - Icing by Shane Pinto.
16:28 of 2nd period - Shane Pinto wins face-off versus Adam Henrique in Chicago Black Hawks zone.
16:28 of 2nd period - Shane Pinto is hit by Simon Benoit.
18:45 of 2nd period - Snap shot by Patrice Bergeron.
18:45 of 2nd period - Stopped by Ilya Samsonov without a rebound.
18:46 of 2nd period - Patrice Bergeron wins face-off versus William Karlsson in San Jose Sharks zone.
18:49 of 2nd period - Slapshot by Barrett Hayton.
18:49 of 2nd period - Deflect By Patrice Bergeron.
18:49 of 2nd period - Stopped by Ilya Samsonov with a rebound.
18:51 of 2nd period - Slapshot by Kirby Dach.
18:51 of 2nd period - Shot Misses the Net.
18:55 of 2nd period - Snap shot by Kirby Dach.
18:55 of 2nd period - Stopped by Ilya Samsonov without a rebound.
18:56 of 2nd period - William Karlsson wins face-off versus Nicholas Paul in San Jose Sharks zone.
Goals for this period are 1 for Chicago Black Hawks vs 2 for San Jose Sharks.
Shots for this period are 15 for Chicago Black Hawks vs 8 for San Jose Sharks.
3rd period
0:01 of 3rd period - Nicholas Paul wins face-off versus Ivan Barbashev in neutral zone.
0:12 of 3rd period - Joel Edmundson is hit by Cale Makar and loses puck.
0:25 of 3rd period - Cale Makar is hit by William Karlsson.
0:31 of 3rd period - Snap shot by Patrice Bergeron.
0:31 of 3rd period - Shot Blocked by William Karlsson.
1:46 of 3rd period - Off-side.
1:47 of 3rd period - Patrice Bergeron wins face-off versus William Karlsson in neutral zone.
2:11 of 3rd period - Brent Burns is hit by Joel Edmundson and loses puck.
2:38 of 3rd period - Snap shot by Patrice Bergeron.
2:38 of 3rd period - Stopped by Ilya Samsonov without a rebound.
2:39 of 3rd period - Bo Horvat wins face-off versus Christian Dvorak in San Jose Sharks zone.
2:57 of 3rd period - Off-side.
2:58 of 3rd period - Nicholas Paul wins face-off versus Adam Henrique in neutral zone.
3:23 of 3rd period - Dmitry Orlov is hit by Bo Horvat and loses puck.
4:43 of 3rd period - Minor Penalty to Conor Sheary for Hooking.
4:44 of 3rd period - William Karlsson wins face-off versus Frederick Gaudreau in Chicago Black Hawks zone.
5:14 of 3rd period - Barrett Hayton is hit by Dmitry Orlov and loses puck.
6:43 of 3rd period - Penalty to Conor Sheary is over, Conor Sheary is back on ice.
6:59 of 3rd period - Vincent Trocheck is hit by Victor Olofsson and loses puck.
7:06 of 3rd period - Wrist shot by Ilya Mikheyev.
7:06 of 3rd period - Deflect By Ryan Hartman.
7:06 of 3rd period - Stopped by Jordan Binnington with a rebound.
7:11 of 3rd period - Off-side.
7:12 of 3rd period - Nicholas Paul wins face-off versus Christian Dvorak in neutral zone.
7:38 of 3rd period - Minor Penalty to Brent Burns for Interference.
7:39 of 3rd period - Adam Henrique wins face-off versus Patrice Bergeron in Chicago Black Hawks zone.
7:40 of 3rd period - Snap shot by Rickard Rakell.
7:40 of 3rd period - Stopped by Jordan Binnington with a rebound.
7:42 of 3rd period - Slapshot by Adam Henrique.
7:42 of 3rd period - Stopped by Jordan Binnington without a rebound.
7:43 of 3rd period - Patrice Bergeron wins face-off versus Valeri Nichushkin in Chicago Black Hawks zone.
7:52 of 3rd period - Backhand shot by Rickard Rakell.
7:52 of 3rd period - Stopped by Jordan Binnington without a rebound.
7:53 of 3rd period - Adam Henrique wins face-off versus Barrett Hayton in Chicago Black Hawks zone.
8:00 of 3rd period - Slapshot by Valeri Nichushkin.
8:00 of 3rd period - Shot Misses the Net.
8:02 of 3rd period - Snap shot by Adam Henrique.
8:02 of 3rd period - Stopped by Jordan Binnington without a rebound.
8:03 of 3rd period - Adam Henrique wins face-off versus Barrett Hayton in Chicago Black Hawks zone.
8:04 of 3rd period - Snap shot by Valeri Nichushkin.
8:04 of 3rd period - Shot Misses the Net.
8:06 of 3rd period - Snap shot by Rickard Rakell.
8:06 of 3rd period - Shot Misses the Net.
8:08 of 3rd period - Snap shot by Rickard Rakell.
8:08 of 3rd period - Deflect By Valeri Nichushkin.
8:08 of 3rd period - Stopped by Jordan Binnington without a rebound.
8:09 of 3rd period - Patrice Bergeron wins face-off versus Adam Henrique in Chicago Black Hawks zone.
8:09 of 3rd period - Patrice Bergeron is hit by Adam Henrique.
8:24 of 3rd period - Snap shot by Valeri Nichushkin.
8:24 of 3rd period - Shot Blocked by Devon Toews.
8:26 of 3rd period - Wrist shot by Dmitry Orlov.
8:26 of 3rd period - Shot Misses the Net.
8:36 of 3rd period - Travis Sanheim is hit by Dmitry Orlov and loses puck.
9:38 of 3rd period - Penalty to Brent Burns is over, Brent Burns is back on ice.
9:40 of 3rd period - Icing by Barrett Hayton.
9:41 of 3rd period - Adam Henrique wins face-off versus Barrett Hayton in Chicago Black Hawks zone.
9:44 of 3rd period - Snap shot by Valeri Nichushkin.
9:44 of 3rd period - Stopped by Jordan Binnington with a rebound.
9:51 of 3rd period - Slapshot by Simon Benoit.
9:51 of 3rd period - Shot Misses the Net.
9:53 of 3rd period - Snap shot by Ryan Hartman.
9:53 of 3rd period - Shot Misses the Net.
11:25 of 3rd period - Icing by Valeri Nichushkin.
11:26 of 3rd period - Nicholas Paul wins face-off versus William Karlsson in San Jose Sharks zone.
12:23 of 3rd period - Wrist shot by William Karlsson.
12:23 of 3rd period - Stopped by Jordan Binnington with a rebound.
12:25 of 3rd period - Wrist shot by Joel Edmundson.
12:25 of 3rd period - Deflect By Cale Makar.
12:25 of 3rd period - Stopped by Jordan Binnington without a rebound.
12:26 of 3rd period - Christian Dvorak wins face-off versus Bo Horvat in Chicago Black Hawks zone.
12:47 of 3rd period - Minor Penalty to Kevin Fiala for Close Hand On Puck.
12:48 of 3rd period - William Karlsson wins face-off versus Patrice Bergeron in Chicago Black Hawks zone.
12:51 of 3rd period - Snap shot by Dylan Strome.
12:51 of 3rd period - Shot Misses the Net.
12:53 of 3rd period - Slapshot by Christopher Tanev.
12:53 of 3rd period - Goal by Christopher Tanev - Chicago Black Hawks : 3 - San Jose Sharks : 3.
12:54 of 3rd period - Christian Dvorak wins face-off versus Barrett Hayton in neutral zone.
12:59 of 3rd period - Snap shot by Dylan Strome.
12:59 of 3rd period - Stopped by Jordan Binnington with a rebound.
13:01 of 3rd period - Slapshot by Derek Forbort.
13:01 of 3rd period - Stopped by Jordan Binnington without a rebound.
13:02 of 3rd period - Christian Dvorak wins face-off versus Patrice Bergeron in Chicago Black Hawks zone.
15:29 of 3rd period - Wrist shot by Ilya Mikheyev.
15:29 of 3rd period - Goal by Ilya Mikheyev - Chicago Black Hawks : 3 - San Jose Sharks : 4.
15:30 of 3rd period - Adam Henrique wins face-off versus Nicholas Paul in neutral zone.
15:35 of 3rd period - Snap shot by Kailer Yamamoto.
15:35 of 3rd period - Shot Hit the Post.
15:41 of 3rd period - Snap shot by Conor Sheary.
15:41 of 3rd period - Stopped by Ilya Samsonov without a rebound.
15:42 of 3rd period - Adam Henrique wins face-off versus Nicholas Paul in San Jose Sharks zone.
16:20 of 3rd period - Snap shot by Vincent Trocheck.
16:20 of 3rd period - Deflect By Bo Horvat.
16:20 of 3rd period - Shot Blocked by Dmitry Orlov.
16:20 of 3rd period - Puck is out of play.
16:21 of 3rd period - Adam Henrique wins face-off versus Kirby Dach in San Jose Sharks zone.
16:26 of 3rd period - Barrett Hayton is hit by Andreas Athanasiou.
17:17 of 3rd period - Wrist shot by Bo Horvat.
17:17 of 3rd period - Shot Misses the Net.
17:19 of 3rd period - Slapshot by Travis Sanheim.
17:19 of 3rd period - Shot Blocked by Christian Dvorak.
17:21 of 3rd period - Snap shot by Kevin Fiala.
17:21 of 3rd period - Shot Misses the Net.
17:27 of 3rd period - Minor Penalty to Ivan Barbashev for Roughing.
17:28 of 3rd period - Bo Horvat wins face-off versus Valeri Nichushkin in San Jose Sharks zone.
17:33 of 3rd period - Wrist shot by Bo Horvat.
17:33 of 3rd period - Stopped by Ilya Samsonov with a rebound.
17:35 of 3rd period - Slapshot by Vincent Trocheck.
17:35 of 3rd period - Stopped by Ilya Samsonov with a rebound.
17:37 of 3rd period - Slapshot by Vincent Trocheck.
17:37 of 3rd period - Stopped by Ilya Samsonov without a rebound.
17:38 of 3rd period - Valeri Nichushkin wins face-off versus Bo Horvat in San Jose Sharks zone.
17:51 of 3rd period - Snap shot by Kevin Fiala.
17:51 of 3rd period - Stopped by Ilya Samsonov with a rebound.
17:53 of 3rd period - Slapshot by Seth Jones.
17:53 of 3rd period - Shot Blocked by Simon Benoit.
18:01 of 3rd period - Snap shot by Kevin Fiala.
18:01 of 3rd period - Shot Blocked by Rickard Rakell.
18:27 of 3rd period - Slapshot by Bo Horvat.
18:27 of 3rd period - Stopped by Ilya Samsonov without a rebound.
18:28 of 3rd period - Patrice Bergeron wins face-off versus Adam Henrique in San Jose Sharks zone.
18:31 of 3rd period - Chicago Black Hawks, Jordan Binnington is pulled from the net.
18:33 of 3rd period - Snap shot by Kirby Dach.
18:33 of 3rd period - Shot Blocked by Dmitry Orlov.
19:18 of 3rd period - Snap shot by Kirby Dach.
19:18 of 3rd period - Shot Blocked by Christopher Tanev.
19:20 of 3rd period - Wrist shot by Kirby Dach.
19:20 of 3rd period - Shot Misses the Net.
19:27 of 3rd period - Penalty to Ivan Barbashev is over, Ivan Barbashev is back on ice.
19:38 of 3rd period - Slapshot by Patrice Bergeron.
19:38 of 3rd period - Shot Misses the Net.
19:42 of 3rd period - Slapshot by Kirby Dach.
19:42 of 3rd period - Goal by Kirby Dach - Chicago Black Hawks : 4 - San Jose Sharks : 4.
19:42 of 3rd period - Jordan Binnington from Chicago Black Hawks was sent back in the game.
19:43 of 3rd period - Frederick Gaudreau wins face-off versus Adam Henrique in neutral zone.
19:46 of 3rd period - Wrist shot by Marcus Pettersson.
19:46 of 3rd period - Shot Misses the Net.
Goals for this period are 1 for Chicago Black Hawks vs 2 for San Jose Sharks.
Shots for this period are 8 for Chicago Black Hawks vs 13 for San Jose Sharks.
Overtime #1
0:01 of 1st overtime period - Vincent Trocheck wins face-off versus Valeri Nichushkin in neutral zone.
0:31 of 1st overtime period - Dmitry Orlov is hit by Kevin Fiala and loses puck.
1:03 of 1st overtime period - Icing by Frederick Gaudreau.
1:04 of 1st overtime period - Adam Henrique wins face-off versus Vincent Trocheck in Chicago Black Hawks zone.
1:23 of 1st overtime period - Wrist shot by Shane Pinto.
1:23 of 1st overtime period - Shot Misses the Net.
1:25 of 1st overtime period - Slapshot by Devon Toews.
1:25 of 1st overtime period - Deflect By William Karlsson.
1:25 of 1st overtime period - Stopped by Ilya Samsonov with a rebound.
2:04 of 1st overtime period - Icing by Cale Makar.
2:05 of 1st overtime period - Vincent Trocheck wins face-off versus Adam Henrique in Chicago Black Hawks zone.
2:10 of 1st overtime period - Slapshot by Cale Makar.
2:10 of 1st overtime period - Shot Misses the Net.
2:27 of 1st overtime period - Off-side.
2:28 of 1st overtime period - Vincent Trocheck wins face-off versus Rickard Rakell in neutral zone.
2:33 of 1st overtime period - Wrist shot by Frederick Gaudreau.
2:33 of 1st overtime period - Stopped by Ilya Samsonov without a rebound.
2:34 of 1st overtime period - Adam Henrique wins face-off versus Shane Pinto in San Jose Sharks zone.
2:34 of 1st overtime period - Adam Henrique is hit by Devon Toews.
2:46 of 1st overtime period - Wrist shot by Adam Henrique.
2:46 of 1st overtime period - Shot Misses the Net.
4:29 of 1st overtime period - Wrist shot by Christian Dvorak.
4:29 of 1st overtime period - Goal by Christian Dvorak - Chicago Black Hawks : 4 - San Jose Sharks : 5.
Goals for this period are 0 for Chicago Black Hawks vs 1 for San Jose Sharks.
Shots for this period are 2 for Chicago Black Hawks vs 1 for San Jose Sharks.
Back to the Top